 Dungeon Crawl Stone Soup version 0.30-a0-793-g160f7cfddd (webtiles) character file.

Game seed: 5467727742474846707

65 Esekla the Sneak (level 4, 31/31 HPs)
             Began as an Octopode Delver on Feb 20, 2023.
             Quit the game on level 5 of the Dungeon.
             The game lasted 00:03:02 (142 turns).

Esekla the Sneak (Octopode Delver)                   Turns: 142, Time: 00:03:03

Health: 31/31      AC:  1    Str: 11    XL:     4   Next: 14%
Magic:  5/5        EV: 13    Int: 14    God:
Gold:   25         SH:  0    Dex: 13    Spells: 5/5 levels left

rFire   . . .      SeeInvis .    a - +0 falchion
rCold   . . .      Faith    .    (no shield)
rNeg    . . .      Spirit   .    (helmet restricted)
rPois   .          Reflect  .    (no amulet)
rElec   .          Harm     .    (no ring)
rCorr   .          Rampage  .    (no ring)
Will    .....                    (no ring)
Stlth   +++++                    (no ring)
HPRegen 0.25/turn                (no ring)
MPRegen 0.09/turn                (no ring)
                                 (no ring)
                                 (no ring)

@: no status effects
A: almost no armour, amphibious, 8 rings, camouflage 1, gelatinous body 1,
(nimble swimmer 1), tentacles
a: no special abilities


You were on level 5 of the Dungeon.
You visited 1 branch of the dungeon, and saw 1 of its levels.

You collected 25 gold pieces.

Inventory:

Hand Weapons
 a - a +0 falchion (weapon)
 c - a +0 dagger
Wands
 f - a wand of digging (3)
Scrolls
 b - a scroll of fog
Potions
 e - 3 potions of haste


   Skills:
 * Level 3.3 Fighting
 * Level 2.3 Long Blades
 * Level 2.3 Dodging
 + Level 7.5 Stealth
 * Level 1.0 Spellcasting


You had 5 spell levels left.
You didn't know any spells.
Your spell library was empty.

Dungeon Overview and Level Annotations

Branches:
Dungeon (5/15)
 Temple: D:4-7

Altars:
Xom
Zin

Annotations:
D:5 Dowan, Duvessa


Innate Abilities, Weirdness & Mutations

You cannot wear most types of armour.
You are amphibious.
You can wear up to eight rings at the same time.
Your skin changes colour to match your surroundings (Stealth+).
Your rubbery body absorbs attacks. (AC +1, EV +1)
((You are camouflaged when in or above water. (Stealth+)))
You have tentacles for arms and can constrict up to eight enemies at once.


Message History

You close the door.
You start resting.
A gnoll opens the door.
It is wielding a +0 spear.
You open the door. The dart slug launches a dart at you.
The slug dart misses you.
The gnoll shouts!
There is an open door here.
You close the door.
The dart slug launches a dart at you. The slug dart hits you.
You open the door. The dart slug launches a dart at you.
The slug dart misses you.
There is an open door here.
You close the door.
Dowan, Brother of Duvessa comes into view.
He is wielding a +0 dagger and carrying a wand of flame (20).
Found an escape hatch in the floor.
Duvessa, Sister of Dowan comes into view.
She is wielding a +0 short sword.
Duvessa shouts!
Dowan points at you and mumbles some strange words.
You resist with some effort.
As you read the scroll of fear, it crumbles to dust.
You assume a fearsome visage.
Duvessa looks frightened!
Dowan looks frightened!
Dowan mumbles some strange words.
Dowan blinks!
Duvessa cries, "Oh dear!
Oh dear!"
Found a robe.
You open the door.
Found a glowing silver altar of Zin.
There is an open door here.
The angel shouts!
You close the door.
Found 10 gold pieces.
There is an open door here.
You see here 10 gold pieces.
You now have 25 gold pieces (gained 10).
A gnoll comes into view. It is wielding a +0 spear.
There is an open door here.
Are you sure you want to abandon this character and quit the game? (Confirm with "yes".)

### ###* *****#######.#
###.#, *,,,,........# #...#,
*,##########.#####.#.#,
*,#...@............#.#,
*,#.####.###.#######.#,
******,#.# #.###.# #.....#,
*,,,,,,#.# #..##.# #.###.#,
*,*****#.# *##+######.###.#.
#.######'###8...8##.........
#.........##.....##.#....[..
#.........####...##.########
#....g....##A#.._##.#


There were no monsters in sight!

Vanquished Creatures
  A howler monkey (D:5)
  A hound (D:5)
2 creatures vanquished.

Notes
Turn   | Place    | Note
-------+----------+-------------------------------------------
     0 | D:5      | Esekla the Octopode Delver began the quest for the Orb.
     0 | D:5      | Reached XP level 1. HP: 16/16 MP: 1/1
     5 | D:5      | Found a shimmering altar of Xom.
    26 | D:5      | Noticed a howler monkey
    37 | D:5      | Killed a howler monkey
    38 | D:5      | Reached skill level 7 in Stealth
    38 | D:5      | Reached XP level 2. HP: 21/21 MP: 1/3
    38 | D:5      | Reached XP level 3. HP: 26/26 MP: 1/4
    51 | D:5      | Reached skill level 1 in Spellcasting
    51 | D:5      | Reached XP level 4. HP: 27/31 MP: 2/5
    68 | D:5      | Noticed Dowan
    70 | D:5      | Noticed Duvessa
   117 | D:5      | Found a glowing silver altar of Zin.
   117 | D:5      | Noticed an angel
   142 | D:5      | Quit the game

Illustrated notes

Levels and vault maps discovered:
D:5:      layout_basic, kennysheep_little_box, zin_angel, grunt_ministairs_6,
          uniq_edmund, uniq_duvessa

Skill      XL: |  1  2  3 |
---------------+----------+-----
Stealth        | 7 |  7.5
Spellcasting   | 1 |  1.0
Fighting       | |  3.3
Long Blades    | |  2.3
Dodging        | |  2.3

Action                     |  1- 3 |  4- 6 || total
---------------------------+-------+-------++-------
  Melee: Falchion          |     5 |       ||     5
         Tentacles         |     3 |       ||     3
         Constrict         |     2 |       ||     2
    Use: Scroll            |     1 |     1 ||     2
 Armour: Skin              |     1 |       ||     1
  Dodge: Dodged            |     5 |     2 ||     7

Table legend: (Time is in decaauts)
 A = Elapsed time spent in this place.
 B = Non-inter-level travel time spent in this place.
 C = Inter-level travel time spent in this place.
 D = Time resting spent in this place.
 E = Time spent auto-exploring this place.
 F = Levels seen in this place.
 G = Mean time per level.
                   A        B        C        D        E       F      G
               +--------+--------+--------+--------+--------+-----+--------+
         Total |    143 |    143 |      0 |      5 |      0 |   1 |  143.0 |
       Dungeon |    143 |    143 |      0 |      5 |      0 |   1 |  143.0 |
               +--------+--------+--------+--------+--------+-----+--------+

Top non-repeatable levels by time:
     D:5: 143 daAuts
